[Event "Irish Women's Championship 2025"]
[Site "Dublin IRL"]
[Date "2025.10.27"]
[Round "6.6"]
[White "Dorman, Orla"]
[Black "Barry, Suzanne"]
[Result "1-0"]
[WhiteElo "1691"]
[BlackElo "1573"]
[WhiteICU "1743"]
[BlackICU "1590"]
[BlackClub "Naomh Barrog"]
[WhiteNationality "IRL"]
[BlackNationality "IRL"]
[WhiteFideId "456039"]
[BlackFideId "2507323"]
[PlyCount "93"]
[ECO "C50"]
[Opening "King's pawn game"]
[FIDETournamentId "447968"]
[ChessResultsKey "1279549"]
[Venue "Talbot Hotel Stillorgan"]
[EventDate "2025.10.24"]
[TimeControl "5400+30"]

{ Event information: <a href="../pairings_irlchw2025.html">Tournament
report</a>. }

1. e4 e5 2. Nf3 Nc6 3. Bc4 d6 4. d4 Bg4 5. d5 Nd4 6. Be2 Nxe2 7. Qxe2 a6 8.
Be3 Nf6 9. Nbd2 c6 10. c4 Qa5 11. O-O c5 12. a3 Qd8 13. b4 b6 14. Rab1 Be7
15. Rb2 O-O 16. Rfb1 h6 17. Qd3 Bh5 18. h3 Nh7 19. bxc5 bxc5 20. Rb6 Re8
21. Nh2 Bg5 22. Bxg5 Nxg5 23. g4 Bg6 24. h4 Nh7 25. h5 Bxh5 26. gxh5 Qg5+
27. Kh1 Red8 28. Ndf1 Qxh5 29. Ng3 Qh3 30. Qf3 Ng5 31. Qg4 Qxg4 32. Nxg4
Nf3 33. R1b2 g6 34. Nxh6+ Kg7 35. Ng4 Rh8+ 36. Kg2 Ne1+ 37. Kf1 Nf3 38.
Rxd6 Nh2+ 39. Nxh2 Rxh2 40. Rc6 Rf8 41. d6 Kf6 42. Rxc5 Ke6 43. Rd5 f5 44.
exf5+ gxf5 45. d7 Rd8 46. Rb6+ Ke7 47. Nxf5+ 1-0

[Event "Irish Women's Championship 2025"]
[Site "Dublin IRL"]
[Date "2025.10.27"]
[Round "7.1"]
[White "Scott, Sarah"]
[Black "Petrenko, Maryna"]
[Result "1/2-1/2"]
[BlackTitle "WFM"]
[WhiteElo "1959"]
[BlackElo "2002"]
[WhiteICU "1987"]
[BlackICU "2128"]
[WhiteClub "Knights of Eanna"]
[BlackClub "Blanchardstown"]
[WhiteNationality "IRL"]
[BlackNationality "UKR"]
[WhiteFideId "2507986"]
[BlackFideId "14197820"]
[PlyCount "46"]
[ECO "B11"]
[Opening "Caro-Kann"]
[Variation "two knights, 3...Bg4"]
[FIDETournamentId "447968"]
[ChessResultsKey "1279549"]
[Venue "Talbot Hotel Stillorgan"]
[EventDate "2025.10.24"]
[TimeControl "5400+30"]

{ Event information: <a href="../pairings_irlchw2025.html">Tournament
report</a>. }

1. e4 c6 2. Nc3 d5 3. Nf3 Bg4 4. h3 Bxf3 5. Qxf3 e6 6. Be2 d4 7. Nb1 c5 8.
Bb5+ Nd7 9. a4 Ne7 10. d3 Ng6 11. O-O Be7 12. Nd2 O-O 13. Bxd7 Qxd7 14. Nc4
e5 15. Qh5 Qe6 16. g4 b6 17. f4 exf4 18. Bxf4 Nxf4 19. Rxf4 a6 20. a5 b5
21. Nb6 Ra7 22. Nd5 Bd6 23. Rf3 Qe5 1/2-1/2

[Event "Irish Women's Championship 2025"]
[Site "Dublin IRL"]
[Date "2025.10.27"]
[Round "7.2"]
[White "Doolin, Nemhain"]
[Black "O'Gorman, Alice"]
[Result "0-1"]
[WhiteElo "1840"]
[BlackElo "1960"]
[WhiteICU "1877"]
[BlackICU "2002"]
[WhiteClub "Moate Juniors"]
[BlackClub "Elm Mount"]
[WhiteNationality "IRL"]
[BlackNationality "IRL"]
[WhiteFideId "2517230"]
[BlackFideId "2508214"]
[PlyCount "60"]
[ECO "B23"]
[Opening "Sicilian"]
[Variation "closed"]
[FIDETournamentId "447968"]
[ChessResultsKey "1279549"]
[Venue "Talbot Hotel Stillorgan"]
[EventDate "2025.10.24"]
[TimeControl "5400+30"]

{ Event information: <a href="../pairings_irlchw2025.html">Tournament
report</a>. }

1. e4 c5 2. Nc3 d6 3. d4 cxd4 4. Qxd4 Nc6 5. Qd2 g6 6. b3 Bh6 7. f4 Nf6 8.
Bb2 O-O 9. O-O-O e5 10. g3 Re8 11. Bg2 exf4 12. gxf4 Bg4 13. Rf1 a5 14. h3
Be6 15. a4 Rc8 16. Kb1 Nb4 17. Nge2 d5 18. e5 Ne4 19. Bxe4 dxe4 20. Qe3 Qc7
21. Nd4 Nd5 22. Nxd5 Bxd5 23. Re1 Rxe5 24. Rh2 Rh5 25. Nb5 Qc5 26. Bd4 Qe7
27. Nc3 Bg7 28. Bxg7 Kxg7 29. Nxd5 Rxd5 30. Qxe4 Rd1+ 0-1

[Event "Irish Women's Championship 2025"]
[Site "Dublin IRL"]
[Date "2025.10.27"]
[Round "7.3"]
[White "Barry, Suzanne"]
[Black "Jain, Arpita"]
[Result "0-1"]
[WhiteElo "1573"]
[BlackElo "1625"]
[WhiteICU "1590"]
[WhiteClub "Naomh Barrog"]
[BlackClub "Knights of Eanna"]
[WhiteNationality "IRL"]
[BlackNationality "IND"]
[WhiteFideId "2507323"]
[BlackFideId "5093333"]
[PlyCount "91"]
[ECO "A30"]
[Opening "English"]
[Variation "symmetrical variation"]
[FIDETournamentId "447968"]
[ChessResultsKey "1279549"]
[Venue "Talbot Hotel Stillorgan"]
[EventDate "2025.10.24"]
[TimeControl "5400+30"]

{ Event information: <a href="../pairings_irlchw2025.html">Tournament
report</a>. }

1. c4 c5 2. g3 g6 3. Bg2 Bg7 4. e3 Nc6 5. Ne2 Nf6 6. Nbc3 a6 7. O-O O-O 8.
d4 cxd4 9. exd4 d6 10. d5 Ne5 11. Nf4 Nxc4 12. b3 Nb6 13. a4 Nfxd5 14.
Nfxd5 Nxd5 15. Bxd5 Bxc3 16. Ra2 Bg7 17. Qf3 Rb8 18. Re1 e6 19. Be4 d5 20.
Bb1 e5 21. h4 h5 22. Bb2 Bg4 23. Qe3 d4 24. Qd2 Qd5 25. Be4 Qxb3 26. Ra3
Qb6 27. Rd3 a5 28. Ba3 Rfc8 29. Qa2 Be6 30. Qd2 Rc4 31. Qg5 Rxa4 32. Bxg6
fxg6 33. Qxg6 Qa6 34. Rxe5 Bg4 35. Qxa6 bxa6 36. Rg5 Rb5 37. Bc5 Rc4 38.
Be7 Rxg5 39. Bxg5 Be2 40. Ra3 a4 41. Bd2 Bf8 42. Ra2 d3 43. f4 Bc5+ 44. Kg2
a3 45. f5 Rc2 46. Kh2 0-1

[Event "Irish Women's Championship 2025"]
[Site "Dublin IRL"]
[Date "2025.10.27"]
[Round "7.4"]
[White "Ferguson, Dayna"]
[Black "Dorman, Orla"]
[Result "1/2-1/2"]
[WhiteElo "1808"]
[BlackElo "1691"]
[WhiteICU "1814"]
[BlackICU "1743"]
[WhiteClub "Drogheda"]
[WhiteNationality "IRL"]
[BlackNationality "IRL"]
[WhiteFideId "2509342"]
[BlackFideId "456039"]
[PlyCount "124"]
[ECO "A58"]
[Opening "Benko gambit accepted"]
[FIDETournamentId "447968"]
[ChessResultsKey "1279549"]
[Venue "Talbot Hotel Stillorgan"]
[EventDate "2025.10.24"]
[TimeControl "5400+30"]

{ Event information: <a href="../pairings_irlchw2025.html">Tournament
report</a>. }

1. d4 Nf6 2. c4 c5 3. d5 b5 4. cxb5 a6 5. bxa6 g6 6. g3 Bxa6 7. Nf3 d6 8.
Bg2 Bg7 9. O-O O-O 10. Nc3 Nbd7 11. Qc2 Qb6 12. Rd1 Rfb8 13. Rb1 Ng4 14.
Bd2 Nge5 15. b3 Qa7 16. Be1 Rb7 17. Kh1 Rab8 18. h3 Nxf3 19. Bxf3 Ne5 20.
Bg2 c4 21. Ne4 cxb3 22. axb3 Rc7 23. Qd2 h6 24. f4 Nd7 25. Bf2 Qb7 26. g4
Qb5 27. Bf3 Rbc8 28. Rdc1 Nb6 29. Ng3 Bb7 30. e4 Rxc1+ 31. Rxc1 Rxc1+ 32.
Qxc1 Qxb3 33. Kg2 Nc4 34. Be2 Ba6 35. Qd1 Qxd1 36. Bxd1 Na5 37. Kf3 Kf8 38.
Ba4 e6 39. Bb6 Nb7 40. Bc6 Ke7 41. Ke3 Nd8 42. Ne2 Nb7 43. Nd4 Nc5 44. h4
Bf1 45. e5 Nd7 46. dxe6 fxe6 47. exd6+ Kxd6 48. Be4 e5 49. fxe5+ Nxe5 50.
Bf3 Nc4+ 51. Kf2 Nxb6 52. Kxf1 Bxd4 53. g5 hxg5 54. hxg5 Nc4 55. Kg2 Ke5
56. Kg3 Be3 57. Be2 Nd6 58. Kg4 Ne4 59. Kf3 Bxg5 60. Bd3 Nd2+ 61. Ke2 Kf6
62. Ke1 Bh6 $19 1/2-1/2

[Event "Irish Women's Championship 2025"]
[Site "Dublin IRL"]
[Date "2025.10.27"]
[Round "7.5"]
[White "Mirza, Diana"]
[Black "Gora, Antonina"]
[Result "1-0"]
[WhiteTitle "WFM"]
[BlackTitle "WCM"]
[WhiteElo "2004"]
[BlackElo "1952"]
[WhiteICU "1980"]
[BlackICU "1966"]
[WhiteClub "U.C.D."]
[BlackClub "Knights of Eanna"]
[WhiteNationality "IRL"]
[BlackNationality "IRL"]
[WhiteFideId "2503999"]
[BlackFideId "1148290"]
[PlyCount "117"]
[ECO "B20"]
[Opening "Sicilian defence"]
[FIDETournamentId "447968"]
[ChessResultsKey "1279549"]
[Venue "Talbot Hotel Stillorgan"]
[EventDate "2025.10.24"]
[TimeControl "5400+30"]
[BlackFullName "G&oacute;ra, Antonina"]

{ Event information: <a href="../pairings_irlchw2025.html">Tournament
report</a>. }

1. e4 c5 2. c4 d6 3. Nc3 Nf6 4. g3 Nc6 5. Bg2 e5 6. Nge2 Be6 7. Nd5 Bxd5 8.
exd5 Nd4 9. Nxd4 cxd4 10. O-O Qc7 11. d3 O-O-O 12. b4 h5 13. Bg5 Be7 14.
Bxf6 gxf6 15. Rb1 Kb8 16. c5 b6 17. c6 h4 18. a4 hxg3 19. fxg3 a6 20. Be4
Rdg8 21. Rf5 Rg7 22. Rh5 Rhg8 23. Qf3 Bd8 24. Kf2 Ka7 25. Rg1 Kb8 26. h4
Qe7 27. Qf5 Qc7 28. Rh7 Qe7 29. Rxg7 Rxg7 30. Bg2 Qf8 31. Bh3 Bc7 32. Qxf6
Rg6 33. Qf5 Qh8 34. Qd7 Rg8 35. Rf1 Qh6 36. Kg2 Qxh4 37. Qc8+ Rxc8 38. gxh4
Rg8+ 39. Kh2 Rg7 40. Rg1 Rxg1 41. Kxg1 Bd8 42. h5 b5 43. axb5 axb5 44. h6
Bf6 45. Kf2 Kc7 46. Kf3 Bh8 47. Ke4 Kd8 48. Bg4 Kc7 49. Bh5 Kd8 50. Bxf7
Bf6 51. Kf5 Bh8 52. Bg6 Ke7 53. Bh7 e4 54. Kxe4 Kd8 55. Bf5 Be5 56. Be6 Bh8
57. Kf5 Be5 58. Kg6 Kc7 59. Kf7 1-0

[Event "Irish Women's Championship 2025"]
[Site "Dublin IRL"]
[Date "2025.10.27"]
[Round "7.6"]
[White "Batbaatar, Manduhkai"]
[Black "Fougerat, Emma"]
[Result "0-1"]
[Termination "time forfeit"]
[WhiteElo "1645"]
[BlackElo "1791"]
[BlackClub "U.C.D."]
[WhiteNationality "IRL"]
[BlackNationality "POR"]
[WhiteFideId "2523353"]
[BlackFideId "45107505"]
[PlyCount "141"]
[ECO "B21"]
[Opening "Sicilian"]
[Variation "Smith-Morra gambit"]
[FIDETournamentId "447968"]
[ChessResultsKey "1279549"]
[Venue "Talbot Hotel Stillorgan"]
[EventDate "2025.10.24"]
[TimeControl "5400+30"]

{ Event information: <a href="../pairings_irlchw2025.html">Tournament
report</a>. }

1. e4 c5 2. d4 cxd4 3. Qxd4 Nc6 4. Qd1 Nf6 5. Nc3 g6 6. Nf3 d6 7. h3 Bg7 8.
Bd3 O-O 9. O-O a6 10. Bg5 b5 11. a3 Bb7 12. Qd2 Re8 13. Rfe1 Rc8 14. Bh6
Bh8 15. Rab1 Qc7 16. Qf4 Na5 17. e5 Nh5 18. Qe3 dxe5 19. Nxe5 e6 20. Nd1
Nc6 21. Nxc6 Qxc6 22. Be4 Qxe4 23. Qxe4 Bxe4 24. Rxe4 Rxc2 25. b3 Nf6 26.
Re3 Nd5 27. Rd3 Rec8 28. Ne3 Nxe3 29. Bxe3 Bb2 30. Rbd1 Bxa3 31. Bh6 Re8
32. Ra1 Bc5 33. Rxa6 Bxf2+ 34. Kf1 Rec8 35. Rad6 Bh4 36. g4 R2c5 37. Rd7 f5
38. Rg7+ Kh8 39. Rdd7 Bf6 40. Rxh7+ Kg8 41. Rhf7 Be5 42. Bg7 Bd6 43. Bf6
R5c7 44. Rg7+ Kf8 45. Rxc7 Rxc7 46. Rxg6 Rc1+ 47. Kg2 Kf7 48. Rh6 Bf8 49.
Rh8 Rb1 50. gxf5 exf5 51. Bd4 Rxb3 52. h4 Bb4 53. Rb8 Be1 54. h5 b4 55. h6
Kg6 56. Bg7 Bc3 57. Rb6+ Kh7 58. Bxc3 Rxc3 59. Rxb4 Kxh6 60. Rb6+ Kg5 61.
Rb5 Kf4 62. Rb2 Ke4 63. Rf2 f4 64. Kh2 Rg3 65. Ra2 Re3 66. Kg2 Rd3 67. Kf2
Kf5 68. Kg2 Rg3+ 69. Kf2 Kg4 70. Rb2 Rh3 71. Kg1 $10 { (Time) } 0-1